 Dungeon Crawl Stone Soup version 0.30.1-11-g7821555f0a (webtiles) character file.

Game seed: 2379445699767228839

54982 asdfas the Severer (level 14, -4/133 HPs)
             Began as a Minotaur Berserker on Nov 5, 2023.
             Was a High Priest of Trog.
             Slain by an entropy weaver (9 damage)
             ... on level 2 of the Spider Nest.
             The game lasted 00:46:33 (16000 turns).

asdfas the Severer (Minotaur Berserker)            Turns: 16000, Time: 00:46:33

Health: -4/133     AC:  6    Str: 33    XL:     14   Next: 36%
Magic:  13/13      EV: 18    Int:  4    God:    Trog [*****.]
Gold:   1248       SH:  0    Dex: 19    Spells: 13/13 levels left

rFire   + . .        I - +8 war axe of Anguish {freeze, rN+ Will+ Str+3 Stlth-}
rCold   + . .        (no shield)
rNeg    + . .        M - +1 crystal plate armour of the Gate {rPois Str+4 Dex+2}
rPois   +            (helmet restricted)
rElec   +            (no cloak)
rCorr   +            y - +0 pair of gloves
SInv    .            (no boots)
Will    ++++.        i - amulet of the acrobat Stlth
                     D - +5 ring of evasion
HPRegen 1.42/turn    m - +6 ring of dexterity
MPRegen 0.13/turn

%: acrobat
@: lethally poisoned (-4 -> -5), resistant, strong-willed, corroded,
regenerating
A: horns 2, retaliatory headbutt
a: Renounce Religion, Berserk, Trog's Hand, Brothers in Arms


You were on level 2 of the Spider Nest.
You worshipped Trog.
Trog was extremely pleased with you.
You visited 3 branches of the dungeon, and saw 17 of its levels.
You also visited: Ossuary and Bailey.

You collected 1248 gold pieces.

Inventory:

Hand Weapons
 a - a +0 hand axe
 I - the +8 war axe of Anguish (weapon) {freeze, rN+ Will+ Str+3 Stlth-}
   (You found it on level 7 of the Dungeon)

   Str:       It affects your strength (+3).
   rN:        It protects you from negative energy.
   Will:      It increases your willpower.
   Stlth:     It makes you less stealthy.
 V - a +1 antimagic battleaxe
Missiles
 L - 2 throwing nets (quivered)
Armour
 u - a +0 plate armour
 v - a +3 leather armour
 y - a +0 pair of gloves (worn)
 M - the +1 crystal plate armour of the Gate (worn) {rPois Str+4 Dex+2}
   (You found it in a bailey)

   Str:       It affects your strength (+4).
   Dex:       It affects your dexterity (+2).
   rPois:     It protects you from poison.
Jewellery
 i - an amulet of the acrobat (around neck)
 k - an amulet of reflection
 m - a +6 ring of dexterity (right hand)
 x - a ring of see invisible
 D - a +5 ring of evasion (left hand)
 J - the ring of Veveranu {Fire rElec rCorr Str-4 SInv}
   (You found it on level 10 of the Dungeon)

   [ring of fire]

   It enhances your fire magic.
   Str:       It affects your strength (-4).
   rF:        It protects you from fire.
   rC:        It makes you vulnerable to cold.
   rElec:     It insulates you from electricity.
   SInv:      It lets you see invisible.
   rCorr:     It protects you from acid and corrosion.
Wands
 t - a wand of digging (3)
 E - a wand of quicksilver (13)
 F - a wand of iceblast (24)
 G - a wand of paralysis (33)
 H - a wand of polymorph (11)
 Q - a wand of flame (9)
 T - a wand of mindburst (6)
Scrolls
 b - 2 scrolls of summoning
 d - 3 scrolls of magic mapping
 h - 5 scrolls of teleportation
 n - 3 scrolls of enchant armour
 p - 4 scrolls of noise
 s - 5 scrolls of fear {unknown}
 w - 2 scrolls of poison {unknown}
 z - 4 scrolls of enchant weapon {unknown}
 B - 4 scrolls of fog {unknown}
 N - a scroll of blinking {unknown}
 O - a scroll of acquirement {unknown}
 P - a scroll of identify
 R - 2 scrolls of amnesia {unknown}
 S - 2 scrolls of brand weapon {unknown}
Potions
 c - 2 potions of lignification
 e - 5 potions of curing
 f - 3 potions of magic
 g - 6 potions of haste
 j - 5 potions of mutation
 l - 9 potions of might
 o - a potion of flight {unknown}
 q - 3 potions of attraction
 r - 4 potions of ambrosia
 A - a potion of heal wounds
 C - a potion of resistance
 K - 3 potions of berserk rage {unknown}
 U - 3 potions of invisibility {unknown}
Miscellaneous
 W - a phial of floods


   Skills:
 * Level 14.9 Fighting
 * Level 18.8 Axes
 * Level 15.6 Armour
 * Level 10.5 Dodging
 - Level 1.0 Shields


You had 13 spell levels left.
You didn't know any spells.
Your spell library was empty.

Dungeon Overview and Level Annotations

Branches:
Dungeon (12/15)            Temple (0/1) D:7            Lair (3/5) D:8
 Spider (2/4) Lair:3          Orc (0/2) D:12        Ossuary (visited)
 Bailey (visited)
  Swamp: Lair:2-3    Shoals: Lair:2-3

Altars:
Fedhas
Hepliaklqana
Ru
Yredelemnul

Shops:
D:3 =

Portals:
Trove: D:12 (give +4 ring of slaying)


Innate Abilities, Weirdness & Mutations

You have a pair of horns on your head.
You reflexively headbutt those who attack you in melee.


Message History

The entropy weaver hits you but does no damage.
The entropy weaver completely misses you.
You hit the entropy weaver. You freeze the entropy weaver.
The entropy weaver is moderately wounded.
You feel very sick.
You miss the entropy weaver.
You headbutt the entropy weaver, but do no damage.
The entropy weaver is moderately wounded.
You feel very sick. The entropy weaver barely misses you.
The entropy weaver misses you.
The entropy weaver completely misses you.
The entropy weaver hits you.
* * * LOW HITPOINT WARNING * * *
You feel much better.
You feel very sick. The entropy weaver barely misses you.
You furiously retaliate!
You headbutt the entropy weaver, but do no damage.
The entropy weaver hits you but does no damage.
The entropy weaver hits you.
* * * LOW HITPOINT WARNING * * *
The entropy weaver hits you.
* * * LOW HITPOINT WARNING * * *
The entropy weaver hits you but does no damage.
The entropy weaver completely misses you.
The entropy weaver hits you!
* * * LOW HITPOINT WARNING * * *
The entropy weaver barely misses you.
You feel much better.
You feel very sick.
The entropy weaver hits you but does no damage.
The entropy weaver hits you.
* * * LOW HITPOINT WARNING * * *
The entropy weaver completely misses you.
The entropy weaver closely misses you.
You feel protected.
You feel very sick. The entropy weaver hits you!
* * * LOW HITPOINT WARNING * * *
The entropy weaver closely misses you. The entropy weaver hits you!
You die...

....^.....†.........^#
#...................##
##.............######
######......###....#
..####...#......#
.........#....>.. .
...^...†?..^....
..#####.[.B...#######
#........@†....?.....
.........##..........
..........#...(.$##.
#####.†#.^#.......#
.....#^.#.....###
.......##.#.......
....... ##........
^.#!^#. ....[...^.. .
#..#. #.....#.....


You could see an entropy weaver.

Vanquished Creatures
  An emperor scorpion (Spider:1)
  2 spark wasps (Spider:1)
  2 entropy weavers (Spider:2)
  Harold (D:9)
  A catoblepas (Lair:2)
  Erolcha (D:9)
  A hydra (Lair:2)
  Erica (D:8)
  The ghost of Lunarhour the Cleaver, a novice MiBe of Trog (D:8)
  2 boulder beetles
  2 radroaches
  4 pharaoh ants
  4 skeletal warriors (D:12)
  An orb spider (Spider:1)
  3 steelbarb worms
  An orc knight (Bailey)
  5 wolf spiders
  2 cyclopes (D:12)
  A moth of wrath (Spider:2)
  Maurice (D:9)
  4 demonic crawlers (Spider:1)
  5 torpor snails
  A black mamba (Lair:2)
  Maggie (D:10)
  9 cane toads
  2 unseen horrors
  2 kobold demonologists
  4 komodo dragons
  4 trolls
  Prince Ribbit (D:9)
  3 blink frogs (Lair:1)
  11 tarantellas
  Sigmund (D:5)
  11 jumping spiders
  12 spriggans (Lair:2)
  2 shadows (D:11)
  8 culicivoras
  4 slime creatures (D:12)
  20 yaks
  4 fire bats (D:10)
  2 wraiths (D:11)
  21 redbacks
  Grum (D:8)
  6 vampire mosquitoes (D:12)
  Menkaure (D:6)
  A steam dragon (D:9)
  Edmund (D:6)
  5 water moccasins
  An acid dragon (D:11)
  A hell hound (D:10)
  An ice beast (D:6)
  A black bear (D:5)
  3 sky beasts
  8 orc warriors
  12 wolves
  2 ogres
  6 centaurs
  2 kobold brigands
  A phantom (D:6)
  9 bullfrogs
  A gnoll sergeant (D:5)
  3 necrophages (D:4)
  A scorpion (D:6)
  4 wights (D:9)
  38 killer bees
  3 jellies
  2 electric eels
  A centaur zombie (D:4)
  2 hounds
  2 human zombies (Ossuary)
  2 lava snakes (D:10)
  3 orc priests
  Jessica (D:3)
  A gnoll bouda (D:4)
  6 iguanas
  2 scorpion zombies (D:4)
  Natasha (thrice) (D:3)
  8 orc wizards
  A hound zombie (D:4)
  3 mummies
  10 gnolls
  4 adders
  An ufetubus (D:4)
  A worm (D:3)
  A dart slug (D:1)
  62 orcs
  4 endoplasms
  4 giant cockroaches
  10 goblins
  8 hobgoblins
  8 jackals
  2 quokkas
  4 ball pythons
  5 bats
  4 frilled lizards (D:1)
  23 kobolds
  4 kobold zombies (Ossuary)
  2 orc zombies (Ossuary)
  3 rats (D:1)
  A spectral kobold (D:5)
  3 fire vortices (D:10)
482 creatures vanquished.

Vanquished Creatures (collateral kills)
  The ghost of Peloso the Carver, a journeyman MiFi of Okawaru (D:12)
  A sun moth (Spider:1)
  4 redbacks (Spider:1)
6 creatures vanquished.

Grand Total: 488 creatures vanquished

Notes
Turn   | Place    | Note
-------+----------+-------------------------------------------
     0 | D:1      | asdfas the Minotaur Berserker began the quest for the Orb.
     0 | D:1      | Reached XP level 1. HP: 19/19 MP: 0/0
   184 | D:1      | Reached skill level 4 in Axes
   184 | D:1      | Reached XP level 2. HP: 26/27 MP: 1/1
   372 | D:1      | Reached ** piety under Trog
   571 | D:1      | Reached XP level 3. HP: 34/34 MP: 2/2
  1984 | D:3      | Noticed Natasha
  1992 | D:3      | Killed Natasha
  1993 | D:3      | Reached XP level 4. HP: 38/41 MP: 3/3
  2042 | D:3      | Noticed Jessica
  2051 | D:3      | Killed Jessica
  2052 | D:3      | Reached skill level 5 in Axes
  2157 | D:3      | Noticed Natasha
  2166 | D:3      | Killed Natasha
  2167 | D:3      | Reached XP level 5. HP: 37/47 MP: 4/4
  2188 | D:3      | Noticed Natasha
  2194 | D:3      | Killed Natasha
  2252 | D:3      | Found Micwa's Jewellery Shop.
  2447 | D:4      | Noticed an ogre
  2453 | D:4      | Killed an ogre
  2454 | D:4      | Reached skill level 5 in Fighting
  2525 | D:4      | Reached XP level 6. HP: 56/56 MP: 5/5
  2562 | D:4      | Reached skill level 6 in Axes
  2644 | D:4      | Reached *** piety under Trog
  2990 | D:4      | Found a blossoming altar of Fedhas.
  3177 | D:4      | Reached XP level 7. HP: 61/61 MP: 6/6
  3193 | D:4      | Reached skill level 1 in Shields
  3257 | D:5      | Entered Level 5 of the Dungeon
  3299 | D:5      | Noticed Sigmund
  3309 | D:5      | Killed Sigmund
  3310 | D:5      | Reached skill level 7 in Axes
  3310 | D:5      | Reached skill level 5 in Armour
  3310 | D:5      | Reached skill level 5 in Dodging
  3435 | D:5      | Found a hazy altar of Hepliaklqana.
  3478 | D:5      | Found a sand-covered staircase.
  3491 | Ossuary  | Entered an ossuary
  3599 | Ossuary  | Reached XP level 8. HP: 61/70 MP: 7/7
  3803 | D:5      | Reached skill level 8 in Axes
  4605 | D:6      | Reached skill level 9 in Axes
  4840 | D:6      | Found a basalt altar of Yredelemnul.
  4843 | D:6      | Reached **** piety under Trog
  4903 | D:6      | Noticed Menkaure
  4911 | D:6      | Killed Menkaure
  4912 | D:6      | Reached XP level 9. HP: 58/79 MP: 8/8
  4919 | D:6      | Reached skill level 10 in Axes
  5100 | D:6      | Found a sacrificial altar of Ru.
  5140 | D:6      | Noticed Edmund
  5152 | D:6      | Killed Edmund
  5596 | D:7      | Found a staircase to the Ecumenical Temple.
  5869 | D:7      | Identified the +8 war axe of Anguish {freeze, rN+ Will+
                  | Str+3 Stlth-}
  5875 | D:7      | You fall into a shaft and drop 3 floors!
  5875 | D:10     | Entered Level 10 of the Dungeon
  5961 | D:10     | Identified the ring of Veveranu {Fire rElec rCorr Str-4
                  | SInv}
  5981 | D:10     | Reached skill level 11 in Axes
  6040 | D:10     | Noticed a troll
  6045 | D:9      | Noticed Prince Ribbit
  6047 | D:9      | Killed a troll
  6051 | D:9      | Killed Prince Ribbit
  6162 | D:9      | Noticed Harold
  6167 | D:9      | Killed Harold
  6168 | D:9      | Reached XP level 10. HP: 68/90 MP: 9/9
  6285 | D:9      | Reached skill level 12 in Axes
  6313 | D:9      | Found a flagged portal.
  6326 | Bailey   | Entered a bailey
  6441 | Bailey   | Noticed an orc knight
  6459 | Bailey   | Killed an orc knight
  6517 | Bailey   | Identified the +1 crystal plate armour of the Gate {rPois
                  | Str+4 Dex+2}
  6805 | D:9      | Noticed Erolcha
  6813 | D:9      | Killed Erolcha
  6814 | D:9      | Reached skill level 13 in Axes
  7109 | D:9      | Noticed Maurice
  7110 | D:9      | Paralysed by Maurice for 3 turns
  7119 | D:9      | Killed Maurice
  7187 | D:8      | Reached XP level 11. HP: 95/99 MP: 10/10
  7313 | D:8      | Noticed Erica
  7323 | D:8      | Killed Erica
  7324 | D:8      | Reached skill level 10 in Fighting
  7324 | D:8      | Reached skill level 14 in Axes
  7324 | D:8      | Reached skill level 10 in Armour
  7367 | D:8      | Found a staircase to the Lair.
  7389 | D:8      | Noticed Grum
  7401 | D:8      | Killed Grum
  7401 | D:8      | Reached ***** piety under Trog
  7757 | D:8      | Found a runed translucent door.
  7765 | D:8      | Noticed Lunarhour's ghost (novice MiBe)
  7774 | D:8      | Killed Lunarhour's ghost
  8133 | D:7      | Identified the +8 great sword "Z" {venom, Dex+2 Stlth+}
  8824 | D:10     | Noticed Maggie
  8833 | D:10     | Killed Maggie
  9193 | D:10     | Reached skill level 15 in Axes
  9212 | D:10     | Identified the +9 halberd of the Maze {heavy, *Noise rElec
                  | rPois rF+++}
 10021 | D:12     | Found a runed translucent gate.
 10021 | D:12     | Found a runed translucent gate.
 10024 | D:12     | Noticed Peloso's ghost (journeyman MiFi)
 10058 | D:12     | Found a runed translucent gate.
 10157 | D:12     | Reached XP level 12. HP: 110/110 MP: 11/11
 10514 | D:12     | Found a staircase to the Orcish Mines.
 10541 | D:12     | Reached skill level 16 in Axes
 10771 | D:12     | Found a portal to a secret trove of treasure.
 11043 | D:12     | Killed Peloso's ghost
 11223 | Lair:1   | Entered Level 1 of the Lair of Beasts
 11892 | Lair:2   | Noticed an eight-headed hydra
 11903 | Lair:2   | Killed a 13-headed hydra
 11943 | Lair:2   | Reached skill level 17 in Axes
 12324 | Lair:2   | Reached XP level 13. HP: 117/119 MP: 12/12
 13466 | Lair:2   | Received a gift from Trog
 13476 | Lair:2   | Reached ****** piety under Trog
 13602 | Lair:3   | Found a hole to the Spider Nest.
 13634 | Spider:1 | Entered Level 1 of the Spider Nest
 13737 | Spider:1 | Noticed a spark wasp
 13769 | Spider:1 | Killed a spark wasp
 13928 | Spider:1 | Noticed a spark wasp
 13935 | Spider:1 | Killed a spark wasp
 13957 | Spider:1 | Noticed an emperor scorpion
 13969 | Spider:1 | Killed an emperor scorpion
 14343 | Spider:1 | Reached skill level 18 in Axes
 14588 | Spider:1 | Reached skill level 10 in Dodging
 14828 | Spider:1 | Reached skill level 15 in Armour
 14867 | Spider:1 | Reached XP level 14. HP: 98/132 MP: 13/13
 15608 | Spider:2 | Received a gift from Trog
 16000 | Spider:2 | HP: 5/133 [entropy weaver (10)]
 16000 | Spider:2 | Slain by an entropy weaver

Illustrated notes

Levels and vault maps discovered:
D:1:      ncdulo_lavacross, layout_basic, minmay_quantized
D:2:      layout_loops_corners, minmay_crystal_water
D:3:      layout_rooms, serial_shops, nicolae_shop_tiny_real_fake_doors,
          kennysheep_jessica_study, uniq_natasha
D:4:      layout_cave_pools, fedhas_altar_decomposition
D:5:      layout_basic, nicolae_hepliaklqana_monster_ancestors,
          gup_ossuary_entry_pyramid, uniq_sigmund
D:6:      layout_basic, grunt_temple_overflow_open, uniq_menkaure, uniq_edmund
D:7:      layout_basic, minmay_temple_entry_mist
D:8:      layout_basic, lair_entry_dummy, ebering_ghost_reflecting_pool,
          uniq_erica, uniq_grum
D:9:      layout_roguey, enter_bailey_4, uniq_harold, uniq_prince_ribbit1,
          uniq_erolcha, uniq_maurice
D:10:     layout_loops_corners, hangedman_incinerator, uniq_maggie
D:11:     layout_irregular_city
D:12:     layout_gridville, orc_0_dummy, ebering_ghost_rock_garden,
          trove_entry_hex_spiral
Lair:1:   layout_regular_city, hangedman_lair_unloving_vines
Lair:2:   wad_woods_minihive, layout_layer_cave, beast_lair_carwin_8,
          infiniplex_staircase_pool
Lair:3:   layout_long_grid, minmay_swamp_entry_wisps, spider_nest_entry_a,
          nicolae_lair_liquid_snakes, grunt_megastairs_2
Spider:1: layout_chambers
Spider:2: layout_spider_delve, uniq_kirke, uniq_frances

Skill      XL: |  1  2  3  4  5  6  7  8  9 10 11 12 13 |
---------------+----------------------------------------+-----
Fighting       | 4 5 6 7 8 9 11 12 14 | 14.9
Axes           | 4 5 6 7 9 11 13 15 17 18 | 18.8
Armour         | 3 4 5 7 8 9 11 13 15 | 15.6
Dodging        | 3 4 5 6 7 8 9 10 | 10.5
Shields        | 1 |  1.0

Action                     |  1- 3 |  4- 6 |  7- 9 | 10-12 | 13-15 || total
---------------------------+-------+-------+-------+-------+-------++-------
  Melee: Hand axe          |   102 |   103 |   225 |       |       ||   430
         Headbutt          |     8 |    23 |    63 |    97 |    76 ||   267
         Punch             |       |     1 |     4 |     4 |     2 ||    11
         War axe           |       |       |    18 |   433 |   310 ||   761
 Invoke: Berserk           |     1 |     4 |     3 |     5 |     5 ||    18
         Trog's Hand       |       |     1 |       |       |     1 ||     2
         Brothers in Arms  |       |       |       |     1 |     1 ||     2
  Evoke: Wand              |       |       |       |       |     1 ||     1
    Use: Scroll            |       |     4 |     1 |     4 |     3 ||    12
         Potion            |       |     4 |     1 |       |     3 ||     8
 Armour: Animal skin       |    13 |       |       |       |       ||    13
         Chain mail        |    29 |    15 |       |       |       ||    44
         Ring mail         |     3 |       |       |       |       ||     3
         Skin              |       |    69 |       |       |       ||    69
         Plate armour      |       |    12 |    87 |    18 |       ||   117
         Crystal plate arm |       |       |       |   163 |   162 ||   325
  Dodge: Dodged            |    70 |    49 |   126 |   237 |   275 ||   757
  Block: Other             |       |    29 |       |       |       ||    29
